[Event "WR Chess Masters 2023"]
[Site "Chess.com"]
[Date "2023.02.17"]
[Round "2"]
[White "Gukesh, D."]
[Black "Praggnanandhaa, R."]
[Result "1-0"]
[WhiteElo "2718"]
[BlackElo "2690"]
[ECO "C54"]
[EventDate "2023.??.??"]
[Annotator "rafael"]
[PlyCount "63"]
[Beauty "8250632196144"]
[EventType "swiss"]
[EventRounds "9"]
[TimeControl "5400+30"]

1.e4 e5 2.Nf3 Nc6 3.Bc4 {The Italian is a mandatory guest at all elite tournaments. This time we won't have a slow maneuvering game, as usually happens. Complications will set in quickly.} 3...Bc5 4.c3 Nf6 5.d3 d6 6.b4 Bb6 7.a4 {The queenside pawn advance is a classic plan, but it hasn't been played much lately.} 7...a5 8.b5 Ne7 9.O-O Ng6 10.Nbd2 O-O 11.Bb3 c6 12.Nc4 Bc7 13.Bg5 $5 {[%c_effect g5;square;g5;type;Interesting;persistent;true] A rare move, played in some correspondence games. Gukesh clearly had this move ready as he played it all so quickly.} ( 13.Re1 {is the most played.} ) 13...d5 $5 {[%c_effect d5;square;d5;type;Interesting;persistent;true] A very interesting novelty. One of the goals of Bg5 is precisely to make this advance less attractive, but Black is not afraid to go for complications.} ( 13...h6 {The big question is what Gukesh's idea is against this natural move. Capturing at f6 doesn't seem to offer any advantage. I imagine he would play in his dynamic style with 14.b6.} 14.b6 $5 Bxb6 ( 14...Bb8 {is also possible, despite appearances.} 15.Bxf6 Qxf6 16.Ne3 {with a complicated game.} ) ( 14...hxg5 15.bxc7 Qxc7 16.Nxg5 {A knight on g5 is a constant source of trouble for Black, although nothing serious is happening at the moment.} ) 15.Bxf6 gxf6 16.d4 {White has compensation for the pawn because of the damaged pawn structure on the kingside. He went on to win in Goreczny-Luers, email 2015.} ) 14.Bxf6 {Played after lengthy reflection. Gukesh probably hadn't analyzed Black's bold previous move.} ( 14.exd5 {The option was to take immediately, avoiding the idea that will be used in the game.} 14...cxd5 15.Ne3 Be6 {Black is fine as he doesn't have to worry too much with the double pawns after 16.Bxf6.} 16.Bxf6 gxf6 ) 14...Qxf6 ( 14...gxf6 15.Ne3 Be6 {This is an improved version for White, as the f5-square is controlled with the pawn on e4. Even so, the position is fully playable for Black.} ) 15.exd5 Bg4 $1 {[%c_effect g4;square;g4;type;GreatFind;persistent;true] An excellent pawn sacrifice.} ( 15...cxd5 16.Ne3 {This is good for White, as the knight heads to d5.} ) 16.Ne3 Bh5 $5 {[%c_effect h5;square;h5;type;Interesting;persistent;true] Another bold move, keeping the pin and further complicating the game.} ( 16...Bxf3 {is enough for more or less equal play after} 17.Qxf3 Qxf3 18.gxf3 cxb5 $1 19.axb5 Nf4 ) 17.dxc6 bxc6 18.bxc6 ( 18.g4 {This is a move no sane human would ever play, although the computer keeps evaluating this as equal. If I didn't know that, I'd say with confidence that Black is winning after} 18...e4 $1 ) 18...e4 {Black has many attacking options in the next few moves. The position is very rich. I will try to summarize some of the most interesting alternatives.} ( 18...Nh4 19.Bd5 {The d5-square is vital for White, whether for a bishop or a knight.} 19...e4 $5 ( 19...Qf4 {is also very interesting.} ) 20.Bxe4 Bxf3 21.Bxf3 Qf4 $1 {[%c_effect f4;square;f4;type;GreatFind;persistent;true] This is the idea.} 22.Re1 ( 22.g3 Qxf3 ( 22...Nxf3+ $2 23.Kh1 Qf6 24.Nd5 ) 23.d4 {leads to a complex and unbalanced endgame.} ( 23.gxh4 $2 Qh3 {with a winning attack.} ) ) 22...Qxh2+ 23.Kf1 {With an unclear position. Black has compensation for the two sacrificed pawns.} ) 19.dxe4 Nh4 ( 19...Rad8 {is natural and good. A possible line ends in perpetual check after:} 20.Nd5 Rxd5 $1 21.Bxd5 Ne5 22.Nxe5 $1 {[%c_effect e5;square;e5;type;GreatFind;persistent;true] The only way to defend.} 22...Bxd1 23.Nd7 Bxh2+ $1 ( 23...Qd6 24.Rfxd1 Qxh2+ 25.Kf1 {is better for White.} ) 24.Kxh2 Qh6+ 25.Kg1 Bf3 $1 26.gxf3 Qg5+ 27.Kh1 Qh5+ ) 20.Nd5 Qh6 ( 20...Nxf3+ $2 {[%c_effect f3;square;f3;type;Mistake;persistent;true] loses after} 21.Qxf3 $1 ) 21.Re1 ( 21.Nxc7 Bxf3 {is very dangerous for White.} ) 21...Bxh2+ $1 {[%c_effect h2;square;h2;type;GreatFind;persistent;true] What a phenomenal game of attack, defense, counterattack, with both chess players showing the best of their abilities. They keep playing the best moves.} ( 21...Bxf3 $6 22.gxf3 Qg6+ {is tempting, but the king escapes more or less without scars.} 23.Kf1 Qg2+ 24.Ke2 Qxf3+ 25.Kd2 ) 22.Kf1 Ra7 $6 {[%c_effect a7;square;a7;type;Inaccuracy;persistent;true] From now on, the balance begins to tip in White's favor.} ( 22...Kh8 $1 {[%c_effect h8;square;h8;type;GreatFind;persistent;true] is a subtle move, defending against a possible knight check on e7.} 23.Qd3 Bxf3 24.gxf3 Rac8 {I somewhat prefer White, but both players have chances.} ) 23.Qd3 Bxf3 24.gxf3 Qxc6 25.f4 {Now the black pieces are displaced on the h-file, and the white pawns are threatening.} 25...Qh6 26.f5 Rb7 27.Rab1 Rfb8 28.Bc2 Qg5 $6 ( 28...Rxb1 {is better.} 29.Rxb1 ( 29.Bxb1 $6 Qg5 {with counterplay.} ) 29...Rxb1+ 30.Bxb1 Qc1+ 31.Ke2 h5 {Black is still fighting well.} ) 29.Rxb7 Rxb7 30.e5 Rb2 $2 ( 30...Qg2+ 31.Ke2 g6 $1 {[%c_effect g6;square;g6;type;GreatFind;persistent;true] This is the only chance of survival.} ) 31.Ne7+ $1 {[%c_effect e7;square;e7;type;GreatFind;persistent;true] A nice final combination for such a wonderful game.} 31...Qxe7 32.f6 {The double attack is fatal.} ( 32.f6 gxf6 33.Qxh7+ Kf8 34.Qh8# ) 1-0

[Event "WR Chess Masters 2023"]
[Site "Chess.com"]
[Date "2023.02.18"]
[Round "3"]
[White "Praggnanandhaa, R."]
[Black "Keymer, Vincent"]
[Result "1-0"]
[WhiteElo "2690"]
[BlackElo "2690"]
[ECO "C84"]
[EventDate "2023.??.??"]
[Annotator "rafael"]
[PlyCount "85"]
[Beauty "7494315297811"]
[EventType "swiss"]
[EventRounds "9"]
[TimeControl "5400+30"]

1.e4 e5 2.Nf3 Nc6 3.Bb5 a6 4.Ba4 Nf6 5.O-O Be7 6.d3 b5 7.Bb3 d6 8.Bd2 {A curious move, considering we learn early on that it's better to develop knights before bishops in the opening. White has several more natural moves, but the bishop on d2 has its uses and the Ruy Lopez is such a well-researched opening that you have to break the most conventional rules to try to outwit your opponent.} 8...O-O 9.h3 h6 10.Re1 Rb8 11.a3 Re8 12.Nc3 Bf8 {The last moves by both sides were all very reasonable.} 13.Nd5 ( 13.Ba2 {A difficult and subtle move, played by Carlsen in 2020. The idea of this retreat, I think, is to prevent the traditional plan of Na5 followed by c7-c5. The position remained balanced after} 13...Ne7 14.Nh4 g5 15.Nf3 Ng6 16.Nh2 {in Carlsen-Vitiugov, Wijk aan Zee 2020.} ) 13...Nxd5 14.Bxd5 Ne7 15.Bb3 $1 {[%c_effect b3;square;b3;type;GreatFind;persistent;true] The right square, as now White has the plan of playing a3-a4 and using the a-file.} ( 15.Ba2 {led to an equal position after} 15...Ng6 16.d4 c5 {Adams-Wahls, Germany 1996.} ) 15...c5 {A new move that was probably prepared beforehand, as Keymer played it quickly. It was predictable that this position could happen, since Praggnanandhaa played all of this in a 2023 game.} ( 15...Ng6 {was played in the two previous games:} 16.a4 Be6 17.Bxe6 Rxe6 18.axb5 axb5 19.Ra7 ( 19.Qe2 d5 {with equality in Caruana-Carlsen, Almaty (Wch Blitz) 2022.} ) 19...Ra8 20.Qa1 {with a very slight advantage for White in Praggnanandhaa-Salem, Airthings Masters (rapid) 2023.} ) 16.a4 $1 Bb7 {The right way to develop the bishop.} ( 16...Be6 $2 {[%c_effect e6;square;e6;type;Mistake;persistent;true] This move looks natural, in order to exchange the strong bishop on b3, but the position is dangerous for Black after} 17.Bxe6 fxe6 18.axb5 axb5 19.Nh4 $1 {[%c_effect h4;square;h4;type;GreatFind;persistent;true] Followed by Qg4. This is the same plan that we will see later in the game. That's why it's so important to analyze typical ideas in the openings you play. It's quite possible that you will be able to use them in similar positions.} ) 17.Nh4 $5 {[%c_effect h4;square;h4;type;Interesting;persistent;true] Here it is.} 17...Qc7 $6 {[%c_effect c7;square;c7;type;Inaccuracy;persistent;true] Played after a long thought. Probably Keymer was out of book at this point. It's better to play 17...d5 and fight for counterplay immediately.} ( 17...d5 $1 18.axb5 axb5 19.exd5 Nxd5 ( 19...Bxd5 {is also possible, with equality.} ) 20.Qh5 Qc7 {Black is preparing …c5-c4 and has a decent position.} ) 18.axb5 axb5 19.Qg4 $1 {[%c_effect g4;square;g4;type;GreatFind;persistent;true] Now the position becomes dangerous as there is no way to defend the h6-pawn.} 19...Qc8 ( 19...c4 20.dxc4 bxc4 21.Ba4 {This is similar to the game continuation.} ) 20.Qg3 c4 21.dxc4 bxc4 22.Ba4 Bc6 23.Bxh6 {Without the h-pawn, Black's position seems insecure, even though nothing serious is happening at the moment.} 23...Rxb2 ( 23...Bxa4 $5 {[%c_effect a4;square;a4;type;Interesting;persistent;true] is possible to remove the defense of c2. This involves sacrificing the c4-pawn after} 24.Rxa4 Rxb2 25.Qc3 Qb7 26.Bc1 Rb1 27.Rxc4 {but Black gets enough compensation after} 27...d5 $1 28.exd5 Nxd5 ) 24.Bc1 $1 {[%c_effect c1;square;c1;type;GreatFind;persistent;true] The bishop performs a dribble. First he expels the rook from b2, which could capture the c2-pawn. But the plan is to go back to the attack.} 24...Rb7 $6 {[%c_effect b7;square;b7;type;Inaccuracy;persistent;true] This is a serious inaccuracy. Black should sacrifice the exchange.} ( 24...Rb4 {is also dangerous after} 25.Bxc6 Qxc6 26.Bg5 $1 ) ( 24...Bxa4 $1 {[%c_effect a4;square;a4;type;GreatFind;persistent;true] This is the move. I fell in love with this idea when I saw it. For the cost of an exchange, Black is almost sure not be checkmated. A nice deal, if you ask me.} 25.Bxb2 Bxc2 {With a strong light-squared bishop and the passed c-pawn, the compensation is adequate. And, more importantly, the character of the game is changed. I love exchange sacrifices (when I'm not the one playing the game).} ) 25.Bg5 $1 {[%c_effect g5;square;g5;type;GreatFind;persistent;true] The annoying bishop is back.} 25...Bxa4 26.Rxa4 Qc6 $6 ( 26...d5 $1 {[%c_effect d5;square;d5;type;GreatFind;persistent;true] Black needs to start taking drastic measures to get active play before it's too late.} 27.Bxe7 Rbxe7 28.exd5 e4 {For the price of a pawn, the position has become sharp, and the knight on h4 is no longer so dangerous.} ) 27.Ra5 $1 {[%c_effect a5;square;a5;type;GreatFind;persistent;true] The right square, preventing …d6-d5.} ( 27.Ra3 $2 d5 $1 ) 27...Qc7 28.Ra6 {Black's position is very dangerous now, and it will get worse soon.} 28...Nc6 ( 28...d5 {The computer indicates this move as a better chance, but it doesn't look so pretty now.} ) 29.c3 $1 {[%c_effect c3;square;c3;type;GreatFind;persistent;true] What an irresistible move $1 One of the best feelings in chess occurs when we make a move that makes our opponent's knight sad.} 29...Rb3 30.Nf5 {The white pieces are concentrated around the black king and are ready for the final assault.} 30...Nd4 31.Bf6 $1 Ne6 ( 31...Nxf5 32.exf5 {This leads to a winning attack. The threat is 33.Bxg7 followed by 34.f6.} 32...Kh7 33.Re4 $1 gxf6 34.Rh4+ Bh6 35.Qe3 {with mate in four moves.} ) 32.Rxd6 $1 {[%c_effect d6;square;d6;type;GreatFind;persistent;true] I love games where there's a sense of harmony, where one move leads to another naturally. This game is one of them. Note that when Praggnanandhaa played 15.Bb3, he intended to bring this rook to life via the a-file with a3-a4. That's exactly what happened in the game, and the culmination of that plan comes now. Of course, he didn't imagine that this rook would be sacrificed on d6 on move 32; after all, you can't predict everything. But the sacrifice did not come out of the blue; it is a consequence of all the precise previous play by White.} 32...Rxc3 {A nice move to distract the queen from g3, but this piece will come back in a moment.} ( 32...Bxd6 $2 33.Nxg7 ) 33.Qxc3 Bxd6 34.Qg3 $1 Bf8 ( 34...g6 $2 35.Qh4 ) 35.Bxe5 {White is a pawn up and the attack continues. Furthermore, the pawn on c4 is more of a weakness than a strength.} 35...Qd7 36.Kh2 Qb7 37.Qg4 $1 {[%c_effect g4;square;g4;type;GreatFind;persistent;true] A good move, preparing either Ne3 or a plan with Re3-g3.} 37...Rd8 38.Rc1 Qa7 ( 38...Rc8 39.Ne3 $1 {[%c_effect e3;square;e3;type;GreatFind;persistent;true] The result of the game is not in doubt.} ) 39.Rc2 {Defending the f2-pawn.} 39...Qc5 {This loses immediately, but it's hard to suggest.} ( 39...Rc8 40.Nxg7 $1 Bxg7 41.Bxg7 $18 ) 40.Nh6+ Kh7 41.Nxf7 Re8 42.f4 Kg8 43.Qg6 1-0

[Event "WR Chess Masters 2023"]
[Site "Chess.com"]
[Date "2023.02.19"]
[Round "4"]
[White "Gukesh, D."]
[Black "Keymer, Vincent"]
[Result "1/2-1/2"]
[WhiteElo "2718"]
[BlackElo "2690"]
[ECO "B90"]
[EventDate "2023.??.??"]
[Annotator "rafael"]
[PlyCount "79"]
[Beauty "6121423141412"]
[EventType "swiss"]
[EventRounds "9"]
[TimeControl "5400+30"]

1.e4 c5 2.Nf3 d6 3.d4 cxd4 4.Nxd4 Nf6 5.Nc3 a6 6.h3 e5 7.Nb3 {When people started trying 6.h3 against the Najdorf, the idea was to take the knight to e2 and then try to play g4-Ng3. Currently two other withdrawals are also popular, either 7.Nb3 or 7.Nf3.} 7...Be6 8.Be3 Nbd7 9.g4 {If the position had originated from the English Attack (6.Be3 or 6.f3), then we would have almost this same position on the board with the difference that there would be a pawn on f3 and not on h3. Who has the advantage when we change this pawn for the one on h3 $2 Like almost everything in life, there is a good side and a bad side. In the case of the game, the queen has the option of being developed on f3 and the bishop has the option of being developed on g2 without a pawn in front of it. On the other hand, the plan with h4-g5 becomes less attractive.} 9...h6 10.Qd3 $5 {[%c_effect d3;square;d3;type;Interesting;persistent;true] A creative choice of square for the queen. The most popular is 10.Qd2.} ( 10.Qd2 ) ( 10.Qf3 ) ( 10.Bg2 ) 10...Nc5 {A new idea. This is a rarity after just 10 moves in the Najdorf.} ( 10...Rc8 {was played in an important correspondence game.} 11.O-O-O Be7 12.Kb1 b5 13.f4 exf4 14.Bxf4 Ne5 15.Qg3 Qc7 {with an equal position in Panitevsky-Firnhaber, ICC email 2018.} ) 11.Nxc5 dxc5 12.Qe2 {An ambitious move, keeping the queens on the board.} ( 12.Qxd8+ {This is also possible, trying to gain some advantage in the endgame.} 12...Rxd8 13.a4 c4 $5 {[%c_effect c4;square;c4;type;Interesting;persistent;true] With the idea of developing the bishop on b4. Black has enough for equality.} ) 12...Be7 13.Bg2 O-O 14.O-O Qb6 15.Nd5 {Now comes the Sicilian Defense's eternal doubt: what is the best way to capture the knight on d5 $2} 15...Nxd5 ( 15...Bxd5 {This move has a lot of merit. In exchange for the pair of bishops, Black maintains a solid blockade and the possibility to activate the pieces with Rfe8 followed by e4.} 16.exd5 Bd6 ) 16.exd5 Bd7 17.b4 $1 {[%c_effect b4;square;b4;type;GreatFind;persistent;true] A nice move to open the game on the queenside.} 17...Qxb4 {Accepting the challenge.} ( 17...Qc7 {is also possible. After} 18.bxc5 Bxc5 19.Bxc5 Qxc5 20.Qxe5 Rae8 $1 {[%c_effect e8;square;e8;type;GreatFind;persistent;true] Black has good counterplay. The move f7-f5 will disturb White's kingside.} ) 18.d6 $1 {[%c_effect d6;square;d6;type;GreatFind;persistent;true] Keeping the flame burning.} ( 18.Rab1 Bb5 $1 {[%c_effect b5;square;b5;type;GreatFind;persistent;true] This will be a recurring theme in this game.} ) ( 18.Rfb1 {This move has the advantage of taking the rook out of the b5-bishop's possible attack, but the a1-rook is now in the queen's range. As I wrote before: everything in life has a good side and a bad side.} 18...Qc3 $1 ) 18...Bg5 ( 18...Bxd6 $2 {[%c_effect d6;square;d6;type;Mistake;persistent;true] This is not a good idea, as the bishops on d-file are attacked after} 19.Rfd1 ) ( 18...Bf6 {is less accurate because after} 19.Rab1 Bb5 20.Rxb4 Bxe2 21.Rxb7 Bxf1 22.Kxf1 {White has a dangerous compensation for the exchange. Note that now the c5-pawn is attacked. In the game continuation, with the black bishop on g5, the dark-squared bishops can be exchanged, and the pawn is no longer in danger.} ) 19.Bxg5 ( 19.Rab1 Bb5 $1 ) ( 19.Rfb1 Qc3 $1 ) 19...Bb5 $1 {[%c_effect b5;square;b5;type;GreatFind;persistent;true] Now we start a series on ingenious tactical moves.} ( 19...hxg5 {is not so good because of} 20.Rab1 Bb5 21.Qxe5 $1 ) 20.c3 $5 {[%c_effect c3;square;c3;type;Interesting;persistent;true] Both players show great creativity.} ( 20.Qxe5 Bxf1 21.Be7 Bxg2 22.Bxf8 ( 22.Kxg2 {also leads to a draw after} 22...Qd4 ( 22...Qd2 ) 23.Qxd4 cxd4 24.Bxf8 ( 24.Rd1 Rfe8 25.Rxd4 f6 {is not dangerous.} ) 24...Kxf8 25.Rd1 Ke8 26.Rxd4 Kd7 {Black will soon regain the pawn with a draw.} ) 22...Rxf8 23.Kxg2 Qd2 $1 24.Qxc5 Rd8 {with an equal position.} ) 20...Qa4 $1 ( 20...Bxe2 21.cxb4 Bxf1 22.Kxf1 hxg5 23.bxc5 {This position is very dangerous for Black due to the menacing white pawns.} ) 21.Qxe5 Bxf1 22.Bxh6 $1 {[%c_effect h6;square;h6;type;GreatFind;persistent;true] One more intermediate move. That's the main tactical theme of this game.} 22...gxh6 23.Rxf1 Rae8 24.Qxc5 Re6 $1 25.Bd5 Rg6 26.Rb1 h5 $1 ( 26...Qf4 {is also possible with a more or less equal game after} 27.Rxb7 Rxd6 28.c4 ) 27.d7 $1 ( 27.f3 $2 {[%c_effect f3;square;f3;type;Mistake;persistent;true] White can't defend the g-pawn, as now} 27...Qf4 {is very unpleasant.} ) 27...Qxd7 28.Be4 $1 {[%c_effect e4;square;e4;type;GreatFind;persistent;true] Another precise move.} ( 28.Rxb7 Qf5 $1 {[%c_effect f5;square;f5;type;GreatFind;persistent;true] is better for Black.} ) 28...hxg4 {Keymer decides to give back the exchange and steer the game toward a draw.} ( 28...Rg7 {is also possible but dangerous. The position is double-edged after} 29.Qxh5 b5 ) 29.Bxg6 fxg6 30.Qc4+ Qf7 31.Qxf7+ Rxf7 32.hxg4 b5 {This rook endgame is a draw, since all pawns on the queenside are going to be exchanged, and White's material advantage is not enough after that.} 33.Kg2 Rc7 34.Rd1 ( 34.Rb3 Rc4 35.Kg3 Ra4 {Black is too active.} ) 34...Rxc3 35.Rd6 Kf7 36.Rxa6 b4 37.g5 b3 38.axb3 Rxb3 39.Rf6+ Kg7 40.f3 1/2-1/2